 Dungeon Crawl Stone Soup version 0.28-a0-1510-gd0f6b13 (webtiles) character file.

Game seed: 7054208586207907579

3176 Illumine the Chiller (level 9, -7/70 HPs)
             Began as a Demigod Ice Elementalist on Jan 15, 2022.
             Killed by the air
             ... invoked by Gastronok
              (15 damage)
             ... on level 8 of the Dungeon.
             The game lasted 00:11:00 (8444 turns).

Illumine the Chiller (Demigod Ice Elementalist)     Turns: 8444, Time: 00:11:01

Health: -7/70      AC: 14    Str:  9    XL:     9   Next: 37%
Magic:  17/22      EV: 12    Int: 29    God:
Gold:   358        SH:  5    Dex: 14    Spells: 10/21 levels left

rFire   . . .      SeeInvis .   z - +0 eveningstar (freeze)
rCold   . . .      Faith    .   (no shield)
rNeg    . . .      Spirit   .   a - +0 robe
rPois   .          Reflect  +   i - +0 helmet
rElec   .          Harm     .   u - +0 cloak {Will+}
rCorr   +          Rampage  .   f - +0 pair of gloves {Stlth+}
Will    +....                   (no boots)
Stlth   +++.......              p - amulet of reflection
HPRegen 0.21/turn               D - ring of resist corrosion
MPRegen 0.18/turn               (no ring)

@: ice-armoured, freezing walls, invisible
A: high mp 1, forlorn, divine attributes
a: no special abilities


You were on level 8 of the Dungeon.
You visited 1 branch of the dungeon, and saw 8 of its levels.

You collected 519 gold pieces.
You spent 161 gold pieces at shops.

Inventory:

Hand Weapons
 e - a +0 short sword
 j - a +0 glaive
 l - a +0 hunting sling of flaming
 m - the +5 hand axe "Vaen" {antimagic, rPois Int+2 Dex+4}
   (You found it on level 2 of the Dungeon)

   It reduces the magical energy of the wielder, and disrupts the spells and
   magical abilities of those it strikes.
   Natural abilities and divine invocations are not affected.
   Int:       It affects your intelligence (+2).
   Dex:       It affects your dexterity (+4).
   rPois:     It protects you from poison.
 n - a +4 dagger of electrocution
 z - a +0 eveningstar of freezing (weapon)
Missiles
 B - 9 poisoned darts
Armour
 a - a +0 robe (worn)
 f - a +0 pair of gloves of stealth (worn)
 i - a +0 helmet (worn)
 u - a +0 cloak of willpower (worn)
Magical Staves
 g - a staff of death
 A - a staff of poison
 E - a staff of earth
Jewellery
 p - an amulet of reflection (around neck)
 D - a ring of resist corrosion (left hand)
Wands
 o - a wand of charming (4)
Scrolls
 k - a scroll of acquirement {unknown}
 q - 2 scrolls of fog
 r - a scroll of immolation {unknown}
 s - a scroll of brand weapon {unknown}
 t - 2 scrolls of enchant armour {unknown}
 v - a scroll of vulnerability {unknown}
 w - 2 scrolls of summoning
 x - 2 scrolls of noise
 y - a scroll of amnesia
 C - a scroll of teleportation
Potions
 c - a potion of flight {unknown}
 d - 2 potions of heal wounds {unknown}
 h - a potion of curing {unknown}


   Skills:
 + Level 3.5 Fighting
 + Level 3.5 Maces & Flails
 - Level 1.7 Dodging
 - Level 1.7 Stealth
 + Level 6.5 Spellcasting
 + Level 5.3 Conjurations
 + Level 7.9 Ice Magic


You had 10 spell levels left.
You knew the following spells:

 Your Spells              Type           Power      Damage    Failure   Level
a - Freeze                Ice            100%       1d11      1%          1
b - Frozen Ramparts       Ice            100%       1d12      1%          3
c - Ozocubu's Armour      Ice            53%        N/A       1%          3
d - Hailstorm             Conj/Ice       47%        3d11      3%          4

Your spell library contained the following spells:

 Spells                   Type           Power      Damage    Failure   Level
 Ensorcelled Hibernation  Hex/Ice        64%        N/A       1%          2
 Blink                    Tloc           18%        N/A       9%          2
 Spider Form              Tmut/Pois      9%         N/A       16%         3
 Anguish                  Hex/Necr       4%         N/A       47%         4
 Manifold Assault         Tloc           9%         N/A       83%         5
 Storm Form               Tmut/Air       4%         N/A       100%        7


Dungeon Overview and Level Annotations

Branches:
Dungeon (8/15)             Temple (0/1) D:5
   Lair: D:8-11

Shops:
D:4 [

Annotations:
D:8 Gastronok


Innate Abilities, Weirdness & Mutations

You have an increased reservoir of magic. (+10% MP)
You shall have no god before yourself.
Your divine heritage dramatically boosts your attributes as you level up.


Message History

The howler monkey zombie resists with significant effort.
The howler monkey zombie resists.
The wall freezes the howler monkey zombie.
The howler monkey zombie closely misses you.
Unknown command.
You puncture Gastronok! You freeze Gastronok.
Gastronok is lightly wounded.
The howler monkey zombie completely resists.
The wall freezes the howler monkey zombie but does no damage.
The howler monkey zombie barely misses you.
The wall freezes Gastronok.
Gastronok bites you!!
* * * LOW HITPOINT WARNING * * *
Casting: Ozocubu's Armour (safe; 1% risk of failure)
Confirm with . or Enter, or press ? or * to list all spells.
Okay, then.
You fade into invisibility!
The howler monkey zombie resists.
The wall freezes the howler monkey zombie.
You sock Gastronok! You freeze Gastronok.
Gastronok is moderately wounded.
The howler monkey zombie completely resists.
The wall freezes the howler monkey zombie but does no damage.
The wall freezes Gastronok!!
Gastronok bites you!
* * * LOW HITPOINT WARNING * * *
Unknown command.
You hit Gastronok but do no damage.
Gastronok is moderately wounded.
The howler monkey zombie resists.
The wall freezes the howler monkey zombie.
The wall freezes Gastronok!!
Gastronok casts a spell at you. You resist with significant effort.
The howler monkey zombie resists.
The wall freezes the howler monkey zombie.
You hit Gastronok but do no damage.
Gastronok is heavily wounded.
You sock Gastronok! You freeze Gastronok.
Gastronok is heavily wounded.
The wall freezes Gastronok!
Gastronok waves his eye-stalks in wide circles.
You die...

######...............#
###.............#.#
#...............#.# #
###..........[....#.#
#...........#?.....
...................
.............#.#....
.##.#................
.O #.#...#....@..#...#
#. #.#...#.###w#......
# ..#..... ....Z...# .
.... ..........
..?#.###.#...... #..
#.#.#..## #.#..... #.#
#.(#


You could see Gastronok and a howler monkey zombie.

Vanquished Creatures
  A two-headed ogre (D:8)
  A wyvern (D:7)
  A water moccasin (D:7)
  2 sky beasts (D:6)
  A hornet zombie (D:7)
  3 necrophages
  3 ogres
  2 centaurs
  2 bullfrogs (D:7)
  A wyvern zombie (D:5)
  3 scorpions
  A water moccasin zombie (D:5)
  A water moccasin skeleton (D:4)
  5 killer bees (D:8)
  A bullfrog zombie (D:5)
  5 centaur zombies
  5 hounds
  4 bullfrog skeletons
  2 orc priests (D:4)
  2 centaur skeletons
  An orc wizard (D:4)
  A howler monkey zombie (D:8)
  2 adders
  A white imp (D:6)
  An ufetubus (D:6)
  3 dart slugs
  12 orcs
  3 ball pythons
  8 endoplasms
  6 giant cockroaches
  5 hobgoblins
  4 jackals (D:1)
  2 quokkas
  6 bats
  A frilled lizard (D:3)
  4 goblins
  7 kobolds
  8 rats
121 creatures vanquished.

Vanquished Creatures (others)
  3 plants (D:8)
3 creatures vanquished.

Grand Total: 124 creatures vanquished

Notes
Turn   | Place    | Note
-------+----------+-------------------------------------------
     0 | D:1      | Illumine the Demigod Ice Elementalist began the quest for
                  | the Orb.
     0 | D:1      | Reached XP level 1. HP: 14/14 MP: 5/5
   414 | D:1      | Reached XP level 2. HP: 20/20 MP: 5/7
   486 | D:1      | Reached skill level 4 in Ice Magic
  1032 | D:2      | Identified the +5 hand axe "Vaen" {antimagic, rPois Int+2
                  | Dex+4}
  1167 | D:2      | Reached XP level 3. HP: 26/26 MP: 9/9
  1845 | D:2      | Learned a level 3 spell: Frozen Ramparts
  2246 | D:4      | Reached XP level 4. HP: 22/33 MP: 6/11
  2518 | D:4      | Reached skill level 5 in Ice Magic
  2518 | D:4      | Reached XP level 5. HP: 3/38 MP: 9/13
  2763 | D:3      | Learned a level 3 spell: Ozocubu's Armour
  2845 | D:4      | Noticed a necrophage
  2859 | D:4      | Killed a necrophage
  2860 | D:4      | Reached XP level 6. HP: 34/45 MP: 6/15
  2951 | D:4      | Learned a level 4 spell: Hailstorm
  3269 | D:4      | Found Jugheist's Armour Boutique.
  3282 | D:4      | Reached skill level 1 in Conjurations
  3288 | D:4      | Bought a +0 cloak of willpower for 161 gold pieces
  3964 | D:5      | Entered Level 5 of the Dungeon
  4149 | D:5      | Reached skill level 6 in Ice Magic
  4149 | D:5      | Reached XP level 7. HP: 50/50 MP: 13/17
  4502 | D:5      | Found a staircase to the Ecumenical Temple.
  4666 | D:5      | Reached skill level 5 in Spellcasting
  5568 | D:6      | Reached XP level 8. HP: 26/53 MP: 19/19
  6021 | D:6      | Reached skill level 1 in Fighting
  6021 | D:6      | Reached skill level 1 in Maces & Flails
  6021 | D:6      | Reached skill level 7 in Ice Magic
  6039 | D:6      | HP: 2/59 [centaur (4)]
  8022 | D:8      | Noticed a two-headed ogre
  8038 | D:8      | Killed a two-headed ogre
  8039 | D:8      | Reached skill level 5 in Conjurations
  8039 | D:8      | Reached XP level 9. HP: 14/70 MP: 11/22
  8430 | D:8      | Noticed Gastronok
  8444 | D:8      | Killed from afar by Gastronok

Illustrated notes

Levels and vault maps discovered:
D:1:      psy_arrival_terrarium, layout_basic,
          hellmonk_ecumenical_altar_slurped_away, minmay_circled_x
D:2:      layout_basic
D:3:      layout_rooms
D:4:      layout_basic, serial_shops, nicolae_stop_n_shop_1
D:5:      layout_gridville, minmay_temple_entry_offerings
D:6:      layout_loops_cross, mainiacjoe_overflow_large_starburst,
          minmay_misc_feat_four_crosses
D:7:      layout_basic, amcnicky_altar_gilded
D:8:      layout_basic, cheibrodos_worm_habitat, dpeg_oklobed_lair,
          serial_shops, nicolae_shop_advertising_works
          [nicolae_subvault_shop_adworks], uniq_maurice, uniq_psyche,
          uniq_gastronok

Skill      XL: |  1  2  3  4  5  6  7  8 |
---------------+-------------------------+-----
Spellcasting   | 2 3 4 5 6 |  6.5
Ice Magic      | 4 5 6 7 |  7.9
Conjurations   | 1 3 5 |  5.3
Fighting       | 3 |  3.5
Maces & Flails | 3 |  3.5
Dodging        | |  1.7
Stealth        | |  1.7

Action                   |  1- 3 |  4- 6 |  7- 9 || total
-------------------------+-------+-------+-------++-------
Melee: Short sword       |    18 |       |       ||    18
       Glaive            |    26 |       |       ||    26
       Dagger            |    55 |    80 |    88 ||   223
       Punch             |     3 |     3 |       ||     6
       Eveningstar       |       |       |   117 ||   117
 Cast: Freeze            |    33 |       |       ||    33
       Frozen Ramparts   |     1 |     8 |    16 ||    25
       Ozocubu's Armour  |       |     2 |    11 ||    13
       Hailstorm         |       |       |     1 ||     1
Evoke: Wand              |       |       |     1 ||     1
  Use: Scroll            |       |     3 |     6 ||     9
       Potion            |       |       |     1 ||     1
 Stab: Sleeping          |     8 |     3 |     7 ||    18
       Distracted        |       |       |     1 ||     1
Armor: Robe              |    36 |    20 |   104 ||   160
Dodge: Dodged            |    94 |    43 |   160 ||   297
Block: Other             |       |       |    15 ||    15

Table legend: (Time is in decaauts)
 A = Elapsed time spent in this place.
 B = Non-inter-level travel time spent in this place.
 C = Inter-level travel time spent in this place.
 D = Time resting spent in this place.
 E = Time spent auto-exploring this place.
 F = Levels seen in this place.
 G = Mean time per level.
                   A        B        C        D        E       F      G
               +--------+--------+--------+--------+--------+-----+--------+
         Total |   8509 |   8354 |    155 |   2191 |   4818 |   8 | 1063.6 |
       Dungeon |   8509 |   8354 |    155 |   2191 |   4818 |   8 | 1063.6 |
               +--------+--------+--------+--------+--------+-----+--------+

Top non-repeatable levels by time:
     D:6: 1491 daAuts
     D:4: 1361 daAuts
     D:7: 1308 daAuts
     D:5: 1285 daAuts
     D:1: 997 daAuts
     D:2: 867 daAuts
     D:3: 757 daAuts
     D:8: 440 daAuts
